 Dungeon Crawl Stone Soup version 0.26-a0-812-g31a745ddcd (webtiles) character file.

Game seed: 4135650421543545234

1225 robertstho the Chiller (level 8, -3/43 HPs)
             Began as a Deep Elf Ice Elementalist on Nov 13, 2020.
             Was an Initiate of Sif Muna.
             Killed by miscasting Summon Ice Beast (13 damage)
             ... on level 6 of the Dungeon.
             The game lasted 00:08:08 (7569 turns).

robertstho the Chiller (Deep Elf Ice Elementalist)  Turns: 7569, Time: 00:08:09

Health: -3/43      AC:  6    Str:  5    XL:     8   Next: 23%
Magic:  4/21       EV: 14    Int: 23    God:    Sif Muna [......]
Gold:   257        SH:  0    Dex: 15    Spells: 6/21 levels left

rFire    + . .     SeeInvis .   l - +2 spear (vorpal)
rCold    x . .     Faith    .   (no shield)
rNeg     . . .     Spirit   .   v - +2 robe {MR+}
rPois    .         Reflect  .   m - +0 helmet
rElec    .         Harm     .   q - +0 cloak
rCorr    +         Rampage  .   (no gloves)
MR       +....                  (no boots)
Stlth    ++........             t - amulet of the acrobat
HPRegen  0.14/turn              k - ring of resist corrosion
MPRegen  0.17/turn              r - ring of fire

@: very slightly contaminated, drained
A: no striking features
a: Renounce Religion


You were on level 6 of the Dungeon.
You worshipped Sif Muna.
Sif Muna was noncommittal.
You visited 2 branches of the dungeon, and saw 7 of its levels.

You collected 257 gold pieces.

Inventory:

Hand Weapons
 c - a +0 dagger
 l - a +2 vorpal spear (weapon)
Armour
 m - a +0 helmet (worn)
 q - a +0 cloak (worn)
 v - a +2 robe of magic resistance (worn)
Jewellery
 k - a ring of resist corrosion (left hand)
 r - a ring of fire (right hand)
 t - an amulet of the acrobat (around neck)
 y - an uncursed ring of poison resistance {unknown}
Wands
 p - a wand of flame (48)
 u - a wand of polymorph (15)
 z - a wand of acid (4)
 B - a wand of iceblast (8)
Scrolls
 a - a scroll of noise {unknown}
 d - 4 scrolls of remove curse
 e - 2 scrolls of magic mapping {unknown}
 f - 2 scrolls of enchant weapon {unknown}
 n - a scroll of fog {unknown}
 o - 2 scrolls of immolation {unknown}
 s - a scroll of enchant armour {unknown}
 w - 3 scrolls of teleportation {unknown}
 F - a scroll of blinking {unknown}
Potions
 g - 2 potions of attraction
 h - 2 potions of curing
 i - a potion of invisibility
 j - 2 potions of might {unknown}
 x - a potion of flight {unknown}
 A - a potion of mutation {unknown}
 C - a potion of haste {unknown}
 D - a potion of heal wounds
 E - a potion of degeneration


   Skills:
 + Level 1.1(0.1) Fighting
 + Level 0.8(0.0) Short Blades
 + Level 2.1(1.1) Polearms
 + Level 4.5(3.4) Dodging
 + Level 4.4(3.2) Stealth
 + Level 0.1(0.0) Unarmed Combat
 * Level 7.3(6.1) Spellcasting
 * Level 7.4(6.2) Ice Magic
 * Level 2.4(1.3) Invocations


You had 6 spell levels left.
You knew the following spells:

 Your Spells              Type           Power        Failure   Level
a - Freeze                Ice            ####         1%          1
b - Frozen Ramparts       Ice            #####.       1%          3
c - Ozocubu's Armour      Ice            #####...     1%          3
d - Hailstorm             Conj/Ice       ###.....     24%         4
e - Summon Ice Beast      Ice/Summ       ###.....     24%         4

Your spell library contained the following spells:

 Spells                   Type           Power        Failure   Level
 Magic Dart               Conj           #...         9%          1
 Searing Ray              Conj           #.....       13%         2
 Dazzling Flash           Conj/Hex       #.....       26%         3
 Fulminant Prism          Conj/Hex       #.........   63%         4
 Iskenderun's Mystic Bla  Conj/Tloc      #.......     63%         4


Dungeon Overview and Level Annotations

Branches:
Dungeon (6/15)             Temple (1/1) D:5

Altars:
Elyvilon
Gozag
Kikubaaqudgha
Makhleb
Nemelex Xobeh
Okawaru
Qazlal
Sif Muna
Trog
Uskayaw
Vehumet
Xom
Yredelemnul
Zin
The Shining One


Message History

The wight hits your ice beast with a +4 scimitar of freezing!
Your ice beast dies!
Evoke which item? (* to show all) (? for menu, Esc to quit)
Attack whom?
Press: ? - help, Dir - move target cursor, f/p - wight
Aim: a wight, wielding a +0 spear and wearing a +0 robe (almost destroyed)
The wight is in the way.
You closely miss the wight.
The wight closely misses your ice beast.
Your ice beast hits the wight.
Your ice beast freezes the wight.
The wight resists.
The wight hits you with a cursed +0 flail.
* * * LOW HITPOINT WARNING * * *
The wight misses your ice beast.
Casting: Summon Ice Beast (quite dangerous; 24% risk of failure)
Confirm with . or Enter, or press ? or * to list all spells.
The spell is quite dangerous to cast (24% risk of failure)!
Continue anyway?
You miscast Summon Ice Beast.
You are very lightly contaminated with residual magic.
Your hands feel numb with cold!
You feel a terrible chill!
You die...

#### #.. #.#
#########.#####
....$zY.......#
.....zz@......### ####
..............#.. ...
..............#.# ..
#########.#<..#.# .# #
######.###.#.###.##..
.............)........
####.###########..##.#
#. #............# ..
#............# .


You could see 3 wights and a friendly ice beast (summoned).

Vanquished Creatures
  A deep elf mage (D:6)
  A sky beast (D:5)
  Duvessa (D:6)
  An ogre (D:4)
  Blork the orc (D:4)
  Dowan (D:6)
  A howler monkey (D:5)
  A crimson imp (D:4)
  A hound (D:4)
  A bullfrog skeleton (D:5)
  An iguana (D:5)
  2 worker ants (D:4)
  Robin (D:2)
  4 gnolls (D:5)
  8 adders
  A shadow imp (D:5)
  A white imp (D:5)
  An ufetubus (D:4)
  An adder skeleton (D:4)
  An adder zombie (D:5)
  3 worms
  A dart slug (D:1)
  A leopard gecko (D:2)
  4 orcs
  A ball python (D:1)
  2 giant cockroaches
  16 goblins
  11 hobgoblins
  6 jackals
  8 kobolds
  3 quokkas
  6 bats
  7 frilled lizards
  A leopard gecko zombie (D:5)
  6 rats
107 creatures vanquished.

Vanquished Creatures (collateral kills)
  A wight (D:6)
1 creature vanquished.

Grand Total: 108 creatures vanquished

Notes
Turn   | Place    | Note
-------+----------+-------------------------------------------
     0 | D:1      | robertstho the Deep Elf Ice Elementalist began the quest
                  | for the Orb.
     0 | D:1      | Reached XP level 1. HP: 10/10 MP: 6/6
   308 | D:1      | Reached XP level 2. HP: 3/15 MP: 5/8
   608 | D:1      | Reached skill level 5 in Ice Magic
  1539 | D:2      | Reached XP level 3. HP: 15/19 MP: 6/9
  2204 | D:2      | Learned a level 3 spell: Frozen Ramparts
  2208 | D:2      | Learned a level 3 spell: Ozocubu's Armour
  2376 | D:2      | Reached XP level 4. HP: 13/24 MP: 7/11
  2545 | D:2      | Noticed Robin
  2555 | D:2      | Killed Robin
  2723 | D:2      | Found a faded altar of an unknown god.
  3630 | D:3      | Found a stormy altar of Qazlal.
  3730 | D:3      | Reached XP level 5. HP: 28/28 MP: 6/13
  4114 | D:4      | Noticed Blork the orc
  4130 | D:4      | Killed Blork the orc
  4322 | D:4      | Found a burning altar of Makhleb.
  4332 | D:4      | Reached XP level 6. HP: 30/33 MP: 11/15
  4426 | D:4      | Reached skill level 1 in Polearms
  4656 | D:4      | Reached skill level 5 in Spellcasting
  5211 | D:5      | Entered Level 5 of the Dungeon
  5423 | D:5      | Found a staircase to the Ecumenical Temple.
  5429 | Temple   | Entered the Ecumenical Temple
  5440 | Temple   | Became a worshipper of Sif Muna the Loreminder
  5462 | D:5      | Reached XP level 7. HP: 27/37 MP: 14/18
  6689 | D:5      | Reached skill level 1 in Invocations
  6886 | D:5      | Found a basalt altar of Yredelemnul.
  7158 | D:6      | Noticed Duvessa
  7158 | D:6      | Noticed Dowan
  7163 | D:6      | Killed Dowan
  7170 | D:6      | Killed Duvessa
  7170 | D:6      | Reached skill level 1 in Fighting
  7339 | D:6      | Noticed a deep elf mage
  7351 | D:6      | Killed a deep elf mage
  7351 | D:6      | Reached XP level 8. HP: 25/43 MP: 13/21
  7515 | D:6      | Learned a level 4 spell: Hailstorm
  7524 | D:5      | Learned a level 4 spell: Summon Ice Beast
  7569 | D:6      | Killed by miscasting Summon Ice Beast

Illustrated notes

Levels and vault maps discovered:
D:1:      dpeg_arrival_pits, layout_basic, serial_rivers,
          chequers_serial_rivers_micro_a, chequers_serial_rivers_room_a,
          chequers_serial_rivers_small_a, chequers_serial_rivers_micro_b
D:2:      layout_loops_corners, chequers_ecumenical_altar_simple_redux,
          minmay_tromino_v4_b, uniq_robin
D:3:      corexii_shack_village, layout_basic, grunt_qazlal_clouds
D:4:      layout_basic, makhleb_grotto_becter, chequers_decorated_corner,
          minmay_bent, uniq_blork_the_orc
D:5:      layout_basic, kennysheep_mini_moat, minmay_temple_entry_arrows
D:6:      layout_basic, grunt_dithmenos_smoke_and_mirrors,
          nicolae_ossuary_entry_monument, grunt_ministairs_7,
          guppyfry_early_elven_hall, uniq_duvessa, uniq_eustachio,
          uniq_prince_ribbit1
Temple:   lightli_temple_of_artemis

Skill      XL: |  1  2  3  4  5  6  7 |
---------------+----------------------+-----
Ice Magic      | 5 6 7 |  7.4
Dodging        | 3 4 |  4.5
Spellcasting   | 4 6 7 |  7.3
Stealth        | 3 4 |  4.4
Polearms       | 1 2 |  2.1
Invocations    | 2 |  2.4
Fighting       | 1 |  1.1
Short Blades   | |  0.8
Unarmed Combat | |  0.1

Action                   |  1- 3 |  4- 6 |  7- 9 || total
-------------------------+-------+-------+-------++-------
Melee: Unarmed           |     8 |       |       ||     8
       Dagger            |    67 |     2 |       ||    69
       Spear             |       |    91 |    76 ||   167
 Cast: Freeze            |    35 |     1 |     4 ||    40
       Frozen Ramparts   |     1 |    22 |     3 ||    26
       Summon Ice Beast  |       |       |     4 ||     4
  Use: Potion            |       |       |     3 ||     3
       Scroll            |       |       |     5 ||     5
 Stab: Sleeping          |     5 |    11 |     2 ||    18
Armor: Robe              |    25 |    10 |    11 ||    46
       Animal skin       |       |     9 |       ||     9
Dodge: Dodged            |    81 |    59 |    45 ||   185

Table legend: (Time is in decaauts)
 A = Elapsed time spent in this place.
 B = Non-inter-level travel time spent in this place.
 C = Inter-level travel time spent in this place.
 D = Time resting spent in this place.
 E = Time spent auto-exploring this place.
 F = Levels seen in this place.
 G = Mean time per level.
                   A        B        C        D        E       F      G
               +--------+--------+--------+--------+--------+-----+--------+
         Total |   7577 |   7281 |    296 |    817 |   5607 |   7 | 1082.4 |
       Dungeon |   7554 |   7269 |    285 |    817 |   5604 |   6 | 1259.0 |
        Temple |     22 |     11 |     11 |      0 |      3 |   1 |   22.0 |
               +--------+--------+--------+--------+--------+-----+--------+

Top non-repeatable levels by time:
     D:5: 1933 daAuts
     D:2: 1745 daAuts
     D:1: 1314 daAuts
     D:4: 1098 daAuts
     D:3: 1057 daAuts
     D:6: 404 daAuts
  Temple: 22 daAuts
